 Dungeon Sprint DCSS version 0.23-a0-143-g1adec7b (webtiles) character file.

21091 emperorscorpion the Eclecticist (level 12, 0/67 HPs)
             Began as a Deep Elf Air Elementalist on Sept 3, 2018.
             Was the Champion of Sif Muna.
             Slain by a vampire knight
             ... wielding a +0 battleaxe
              (4 damage)
             ... while paralysed by a vampire knight
             ... in the Dungeon (Sprint IX: "|||||||||||||||||||||||||||||").
             The game lasted 00:15:42 (2667 turns).

emperorscorpion the Eclecticist (DEAE)              Turns: 2667, Time: 00:15:43

Health: 0/67       AC: 17    Str:  5    XL:     12   Next: 51%
Magic:  22/37      EV:  2    Int: 31    God:    Sif Muna [******]
Gold:   1086       SH:  0    Dex: 21    Spells: 14/50 levels left

rFire    + . .     SeeInvis .   a - +8 lance "Wyrmbane" {slay drac, rPois rF+ rC+ AC+3}
rCold    + + .     Gourm    .   N - +2 buckler {AC+3}
rNeg     . . .     Faith    .   D - +2 leather armour of Avoazom {rC+ Int+5}
rPois    +         Spirit   .   E - +2 hat
rElec    .         Reflect  .   p - +1 cloak
rCorr    .         Harm     .   M - +1 pair of gloves
MR       +....     NoTele   +   (no boots)
Stlth    +++.......             (no amulet)
HPRegen  0.21/turn              q - +3 ring of dexterity
MPRegen  0.25/turn              r - +3 ring of dexterity

@: paralysed, deflect missiles
A: no striking features
a: Divine Energy, Channel Magic, Forget Spell, Renounce Religion


You were in the Dungeon.
You worshipped Sif Muna.
Sif Muna was exalted by your worship.
You were hungry.

You visited 1 branch You collected 1902 gold pieces.
You spent 816 gold pieces at shops.

Inventory:

Hand Weapons
 a - the +8 lance "Wyrmbane" (weapon) {slay drac, rPois rF+ rC+ AC+3}
   (You found it in the Dungeon)

   It affects your AC (+3).
   It protects you from fire.
   It protects you from cold.
   It protects you from poison.
 t - a +4 quarterstaff of speed
Armour
 n - a +0 robe
 o - a +0 pair of gloves
 p - a +1 cloak (worn)
 A - a +0 helmet
 C - the +4 scale mail of Bibriena {rN++ Dex+2}
   (You bought it in a shop in the Dungeon)

   It affects your dexterity (+2).
   It greatly protects you from negative energy.
 D - the +2 leather armour of Avoazom (worn) {rC+ Int+5}
   (You bought it in a shop in the Dungeon)

   It affects your intelligence (+5).
   It protects you from cold.
 E - a +2 hat (worn)
 L - +0 swamp dragon scales
 M - a +1 pair of gloves (worn)
 N - a +2 buckler of protection (worn)
Magical Staves
 b - an uncursed staff of energy
Jewellery
 q - a +3 ring of dexterity (left hand)
 r - a +3 ring of dexterity (right hand)
 H - an uncursed ring of protection from fire
 I - an uncursed ring of ice
 J - an uncursed ring of protection from magic
 K - an uncursed ring of see invisible
Wands
 l - a wand of acid (18)
Scrolls
 i - 3 scrolls of blinking
 j - 6 scrolls of remove curse
 k - 2 scrolls of amnesia
 u - 2 scrolls of fog
 v - a scroll of fear
 x - a scroll of immolation
 y - 2 scrolls of identify
 P - 2 scrolls of enchant armour
Potions
 d - 9 potions of curing
 e - 10 potions of heal wounds
 f - 2 potions of haste
 g - 4 potions of magic
 h - a potion of invisibility
 m - a potion of might
 s - a potion of agility
 z - a potion of flight
 F - a potion of cancellation {unknown}
 G - 2 potions of brilliance {unknown}
 O - a potion of berserk rage
Miscellaneous
 B - a lightning rod (4/4)
Comestibles
 c - 12 rations
 w - 7 chunks of flesh


   Skills:
 + Level 4.7 Fighting
 + Level 7.9(8.2) Polearms
 + Level 4.3(7.9) Staves
 + Level 1.2 Armour
 + Level 8.7 Dodging
 - Level 6.3 Stealth
 * Level 2.8 Shields
 - Level 0.1 Unarmed Combat
 + Level 19.8 Spellcasting
 + Level 12.6 Conjurations
 + Level 3.9 Charms
 + Level 2.3 Translocations
 + Level 4.3 Ice Magic
 + Level 15.4 Air Magic
 + Level 0.1 Poison Magic
 * Level 13.8 Invocations
 * Level 3.7 Evocations


You had 14 spell levels left.
You knew the following spells:

 Your Spells              Type           Power        Failure   Level  Hunger
a - Shock                 Conj/Air       ####         0%          1    None
b - Swiftness             Chrm/Air       ######..     1%          2    None
c - Airstrike             Air            #######...   1%          4    None
d - Lightning Bolt        Conj/Air       #######...   1%          5    None
e - Mephitic Cloud        Conj/Pois/Air  ######..     1%          3    None
o - Orb of Destruction    Conj           #######...   11%         7    ###....
B - Blink                 Tloc           N/A          1%          2    None
C - Freezing Cloud        Conj/Ice/Air   #######...   4%          6    None
D - Deflect Missiles      Chrm/Air       ######....   6%          6    None

Your spell library contained the following spells:

 Spells                   Type           Power        Failure   Level  Hunger
 Magic Dart               Conj           ####         0%          1    None
 Flame Tongue             Conj/Fire      #####        1%          1    None
 Poisonous Vapours        Pois/Air       ######       1%          2    None
 Searing Ray              Conj           ######       1%          2    None
 Song of Slaying          Chrm           ######..     1%          2    None
 Conjure Flame            Conj/Fire      ######..     1%          3    None
 Dazzling Spray           Conj/Hex       ######       1%          3    None
 Static Discharge         Conj/Air       #######.     1%          3    None
 Force Lance              Conj/Tloc      ######..     1%          4    None
 Fulminant Prism          Conj/Hex       ######....   1%          4    None
 Iskenderun's Mystic Bla  Conj           #######.     1%          4    None
 Throw Icicle             Conj/Ice       ######..     1%          4    None
 Iskenderun's Battlesphe  Conj/Chrm      ######..     1%          5    None
 Silence                  Hex/Air        ######....   2%          5    None
 Call Imp                 Summ           ####....     3%          2    None
 Slow                     Hex            ####....     3%          2    None
 Spectral Weapon          Hex/Chrm       #####...     3%          3    None
 Bolt of Draining         Conj/Necr      ######....   4%          5    None
 Fireball                 Conj/Fire      ######....   4%          5    None
 Venom Bolt               Conj/Pois      ######....   4%          5    None
 Confuse                  Hex            ####....     7%          3    None
 Tukima's Dance           Hex            ####....     7%          3    None
 Vampiric Draining        Necr           ####......   7%          3    None
 Metabolic Englaciation   Hex/Ice        #####.....   26%         5    None
 Bolt of Fire             Conj/Fire      ######....   26%         6    None
 Poison Arrow             Conj/Pois      ######....   26%         6    None
 Chain Lightning          Conj/Air       #######...   43%         8    #####..
 Borgnjor's Vile Clutch   Necr/Erth      ####......   54%         5    None
 Simulacrum               Ice/Necr       #####.....   82%         6    None
 Tornado                  Air            #######...   99%         9    ######.
 Borgnjor's Revivificati  Necr           ####......   100%        8    #####..
 Discord                  Hex            ####......   100%        8    #####..


Dungeon Overview and Level Annotations

Branches:
Dungeon (1/1)

Altars:
Cheibriados
Dithmenos
Elyvilon
Fedhas
Gozag
Hepliaklqana
Kikubaaqudgha
Makhleb
Nemelex Xobeh
Okawaru
Qazlal
Ru
Sif Muna
Trog
Uskayaw
Vehumet
Wu Jian
Xom
Yredelemnul
Zin
The Shining One
Beogh
Jiyva
Lugonu

Shops:
D (:[}


Message History

The great orb of eyes is engulfed in freezing vapours.
The stone giant is engulfed in freezing vapours.
The vampire knight is engulfed in freezing vapours.
The vampire knight is infused with unholy energy.
The vampire knight draws life force from you and is healed!
The great orb of eyes is engulfed in freezing vapours.
You kill the great orb of eyes!
Sif Muna accepts your kill.
The vampire knight is infused with unholy energy.
The vampire knight draws life force from you and is healed!
The vampire knight is engulfed in freezing vapours.
The vampire knight hits you with a battleaxe.
The vampire knight bites you!
* * * LOW HITPOINT WARNING * * *
The vampire knight draws strength from your injuries!
You feel less invigorated.
The vampire knight hits you with a battleaxe!
* * * LOW HITPOINT WARNING * * *
The vampire knight bites you.
You die...

▓▓▓▓▓▓▓▓▓▓▓▓▓▓▓▓▓▓▓▓▓▓▓▓
§§C§§§V@..........[..[[[
▓▓▓▓▓▓▓▓▓▓▓▓▓▓▓▓▓▓▓▓▓▓▓▓▓▓▓▓▓▓▓▓▓
(...%..)%...%%...................
▓▓▓▓▓▓▓▓▓▓▓▓▓▓▓▓▓▓▓▓▓▓▓▓▓▓▓▓▓▓▓▓▓
.....∩.∩)∩)∩)))))'......).))))'[.
▓▓▓▓▓▓▓▓▓▓▓▓▓▓▓▓▓▓▓▓▓▓▓▓▓▓▓▓▓▓▓▓▓
..............)..................
▓▓▓▓▓▓▓▓▓▓▓▓▓▓▓▓▓▓▓▓▓▓▓▓▓▓▓▓▓▓▓▓▓
...'.......††..÷'.........†÷÷÷†..


You could see a stone giant and a vampire knight.

Vanquished Creatures
  Gastronok (D)
  2 dire elephants (D)
  A hydra (D)
  A great orb of eyes (D)
  A catoblepas (D)
  A death knight (D)
  2 centaur warriors (D)
  6 orc high priests (D)
  A skeletal warrior (D)
  3 orc knights (D)
  A cyclops (D)
  7 elephants (D)
  Maurice (D)
  A black mamba (D)
  Joseph (D)
  A spiny frog (D)
  2 komodo dragons (D)
  2 hippogriffs (D)
  A wraith (D)
  A shadow (D)
  Grum (D)
  2 yaks (D)
  A basilisk (D)
  A vampire mosquito (D)
  2 water moccasins (D)
  A porcupine (D)
  An ice beast (D)
  9 orc warriors (D)
  2 necrophages (D)
  An ogre (D)
  3 wolves (D)
  3 crocodiles (D)
  4 bullfrogs (D)
  A crimson imp (D)
  11 orc priests (D)
  4 orc wizards (D)
  2 worker ants (D)
  An adder (D)
  2 shadow imps (D)
  A dart slug (D)
  5 orcs (D)
  2 bats (D)
  A bat zombie (D)
  A hobgoblin (D)
  A ball python zombie (D)
  A leopard gecko skeleton (D)
  A rat (D)
102 creatures vanquished.

Notes
Turn   | Place    | Note
-------+----------+-------------------------------------------
     0 | D        | emperorscorpion the Deep Elf Air Elementalist began the
                  | quest for the Orb.
     0 | D        | Reached XP level 1. HP: 10/10 MP: 6/6
    64 | D        | Noticed a worker ant
    64 | D        | Noticed a crimson imp
    67 | D        | Reached XP level 2. HP: 13/15 MP: 4/8
    67 | D        | Reached skill level 4 in Spellcasting
    73 | D        | Killed a crimson imp
    73 | D        | Reached skill level 5 in Spellcasting
    73 | D        | Reached skill level 5 in Air Magic
    73 | D        | Reached XP level 3. HP: 19/19 MP: 0/11
    75 | D        | Reached XP level 4. HP: 15/24 MP: 1/13
    79 | D        | Reached skill level 6 in Spellcasting
    91 | D        | Found a roughly hewn altar of Beogh.
    91 | D        | Found a snail-covered altar of Cheibriados.
    91 | D        | Found a shadowy altar of Dithmenos.
    91 | D        | Found a white marble altar of Elyvilon.
    91 | D        | Found a blossoming altar of Fedhas.
    91 | D        | Found an opulent altar of Gozag.
    92 | D        | Found a hazy altar of Hepliaklqana.
    93 | D        | Found a viscous altar of Jiyva.
    94 | D        | Found an ancient bone altar of Kikubaaqudgha.
    95 | D        | Found a corrupted altar of Lugonu.
    96 | D        | Found a burning altar of Makhleb.
    97 | D        | Found a sparkling altar of Nemelex Xobeh.
    98 | D        | Found an iron altar of Okawaru.
    99 | D        | Found a stormy altar of Qazlal.
   100 | D        | Found a sacrificial altar of Ru.
   101 | D        | Found a deep blue altar of Sif Muna.
   102 | D        | Found a bloodstained altar of Trog.
   103 | D        | Found a hide-covered altar of Uskayaw.
   104 | D        | Found a radiant altar of Vehumet.
   105 | D        | Found an ornate altar of the Wu Jian Council.
   106 | D        | Found a shimmering altar of Xom.
   107 | D        | Found a basalt altar of Yredelemnul.
   108 | D        | Found a glowing silver altar of Zin.
   109 | D        | Found a glowing golden altar of the Shining One.
   111 | D        | Became a worshipper of Sif Muna the Loreminder
   156 | D        | Learned a level 2 spell: Swiftness
   161 | D        | Learned a level 4 spell: Airstrike
   236 | D        | Noticed a wraith
   236 | D        | Noticed an ice beast
   236 | D        | Noticed a bullfrog
   236 | D        | Noticed an ogre
   410 | D        | Killed a bullfrog
   410 | D        | Reached * piety under Sif Muna
   410 | D        | Reached skill level 7 in Spellcasting
   410 | D        | Reached XP level 5. HP: 28/28 MP: 9/16
   413 | D        | Killed an ogre
   413 | D        | Reached skill level 5 in Dodging
   413 | D        | Reached skill level 5 in Stealth
   413 | D        | Reached skill level 8 in Spellcasting
   503 | D        | Killed an ice beast
   503 | D        | Reached ** piety under Sif Muna
   503 | D        | Reached skill level 1 in Staves
   503 | D        | Reached skill level 9 in Spellcasting
   503 | D        | Reached XP level 6. HP: 32/32 MP: 3/20
   510 | D        | Learned a level 5 spell: Lightning Bolt
   617 | D        | Killed a wraith
   617 | D        | Reached *** piety under Sif Muna
   617 | D        | Reached skill level 10 in Spellcasting
   617 | D        | Reached skill level 10 in Air Magic
   755 | D        | Noticed a death knight
   755 | D        | Noticed a centaur warrior
   755 | D        | Noticed a vampire mosquito
   756 | D        | Reached skill level 5 in Conjurations
   756 | D        | Reached XP level 7. HP: 37/37 MP: 17/23
   756 | D        | Reached **** piety under Sif Muna
   756 | D        | Reached skill level 11 in Spellcasting
   758 | D        | Killed a vampire mosquito
   759 | D        | Killed a centaur warrior
   759 | D        | Reached ***** piety under Sif Muna
   759 | D        | Received a gift from Sif Muna
   759 | D        | Reached skill level 13 in Spellcasting
   759 | D        | Reached XP level 8. HP: 21/42 MP: 2/27
   787 | D        | Killed a death knight
   787 | D        | Reached skill level 14 in Spellcasting
   787 | D        | Reached skill level 1 in Charms
   787 | D        | Reached XP level 9. HP: 9/46 MP: 5/29
  1076 | D        | Learned a level 2 spell: Blink
  1080 | D        | Learned a level 3 spell: Mephitic Cloud
  1166 | D        | Found the +8 lance "Wyrmbane" {slay drac, rPois rF+ rC+
                  | AC+3}
  1193 | D        | Noticed a komodo dragon
  1198 | D        | Noticed an elephant
  1199 | D        | Identified Buupsau's Papyrus of Feathers and Attacks (Sif
                  | Muna gifted it to you in the Dungeon)
  1199 | D        | Received a gift from Sif Muna
  1202 | D        | Killed an elephant
  1202 | D        | Reached skill level 15 in Spellcasting
  1203 | D        | Killed a komodo dragon
  1210 | D        | Reached skill level 1 in Polearms
  1229 | D        | Learned a level 7 spell: Orb of Destruction
  1389 | D        | Noticed a black mamba
  1389 | D        | Noticed a spiny frog
  1389 | D        | Noticed a komodo dragon
  1405 | D        | Noticed a five-headed hydra
  1408 | D        | Killed a komodo dragon
  1408 | D        | Identified Sif Muna's Disquisition on the Birds (Sif Muna
                  | gifted it to you in the Dungeon)
  1408 | D        | Received a gift from Sif Muna
  1408 | D        | Reached skill level 1 in Fighting
  1408 | D        | Reached skill level 16 in Spellcasting
  1410 | D        | Killed a spiny frog
  1410 | D        | Reached XP level 10. HP: 52/52 MP: 20/32
  1410 | D        | Killed a black mamba
  1411 | D        | Killed a five-headed hydra
  1411 | D        | Reached skill level 1 in Translocations
  1456 | D        | Learned a level 6 spell: Deflect Missiles
  1465 | D        | Learned a level 6 spell: Freezing Cloud
  1544 | D        | Noticed an elephant
  1544 | D        | Noticed an elephant
  1544 | D        | Noticed a dire elephant
  1544 | D        | Noticed a dire elephant
  1544 | D        | Noticed an elephant
  1544 | D        | Noticed an elephant
  1547 | D        | Noticed an elephant
  1548 | D        | Killed an elephant
  1548 | D        | Identified Fekargh's Papyrus of Hexes and Contamination
                  | (Sif Muna gifted it to you in the Dungeon)
  1548 | D        | Received a gift from Sif Muna
  1548 | D        | Reached skill level 10 in Invocations
  1549 | D        | Killed an elephant
  1549 | D        | Reached skill level 17 in Spellcasting
  1549 | D        | Killed an elephant
  1549 | D        | Reached skill level 10 in Conjurations
  1549 | D        | Killed an elephant
  1549 | D        | Noticed an elephant
  1551 | D        | Killed a dire elephant
  1551 | D        | Reached skill level 5 in Polearms
  1551 | D        | Killed an elephant
  1551 | D        | Reached XP level 11. HP: 48/60 MP: 7/34
  1552 | D        | Killed a dire elephant
  1555 | D        | Reached ****** piety under Sif Muna
  1728 | D        | Noticed Maurice
  1738 | D        | Killed Maurice
  1859 | D        | Noticed an orc knight
  1862 | D        | Received a gift from Sif Muna
  1864 | D        | Killed an orc knight
  2087 | D        | Noticed an orc knight
  2090 | D        | Reached skill level 18 in Spellcasting
  2090 | D        | Noticed an orc knight
  2091 | D        | Reached skill level 1 in Ice Magic
  2092 | D        | Killed an orc knight
  2097 | D        | Killed an orc knight
  2123 | D        | Identified Sif Muna's Grimoire of Sinister Magic and Fire
                  | (Sif Muna gifted it to you in the Dungeon)
  2123 | D        | Received a gift from Sif Muna
  2335 | D        | Found Rofoth's Gadget Boutique.
  2335 | D        | Noticed an orc high priest
  2335 | D        | Noticed an orc high priest
  2336 | D        | Noticed an orc high priest
  2340 | D        | Killed an orc high priest
  2340 | D        | Killed an orc high priest
  2343 | D        | Killed an orc high priest
  2362 | D        | Found Zutwyan's Antique Armour Shop.
  2364 | D        | Noticed an orc high priest
  2370 | D        | Killed an orc high priest
  2375 | D        | Noticed an orc high priest
  2379 | D        | Killed an orc high priest
  2379 | D        | Identified Zasaduk's Collected Works on Captivating
                  | Augmentations (Sif Muna gifted it to you in the Dungeon)
  2379 | D        | Received a gift from Sif Muna
  2389 | D        | Found Raotsin's Book Boutique.
  2393 | D        | Found Voukhiull's Antique Weapon Shop.
  2393 | D        | Noticed an orc high priest
  2400 | D        | Killed an orc high priest
  2400 | D        | Reached skill level 19 in Spellcasting
  2400 | D        | Reached XP level 12. HP: 41/67 MP: 19/37
  2414 | D        | Bought a lightning rod (4/4) for 400 gold pieces
  2416 | D        | Bought a faintly glowing scale mail for 234 gold pieces
  2416 | D        | Bought an ancient leather armour for 182 gold pieces
  2426 | D        | Identified the +4 scale mail of Bibriena {rN++ Dex+2} (You
                  | bought it in a shop in the Dungeon)
  2436 | D        | Identified the +2 leather armour of Avoazom {rC+ Int+5}
                  | (You bought it in a shop in the Dungeon)
  2465 | D        | Noticed Joseph
  2469 | D        | Killed Joseph
  2470 | D        | Noticed Gastronok
  2477 | D        | Killed Gastronok
  2477 | D        | Reached skill level 15 in Air Magic
  2523 | D        | Noticed Grum
  2529 | D        | Killed Grum
  2584 | D        | Found the +10 dark maul {crush}
  2651 | D        | Noticed a catoblepas
  2651 | D        | Noticed a centaur warrior
  2654 | D        | Reached skill level 1 in Evocations
  2654 | D        | Killed a catoblepas
  2654 | D        | Identified Sif Muna's Reference Book on the Scorching Rocks
                  | (Sif Muna gifted it to you in the Dungeon)
  2654 | D        | Received a gift from Sif Muna
  2654 | D        | Reached skill level 1 in Shields
  2654 | D        | Killed a centaur warrior
  2654 | D        | Reached skill level 1 in Armour
  2656 | D        | Noticed a vampire knight
  2658 | D        | Noticed a great orb of eyes
  2662 | D        | Paralysed by a vampire knight for 6 turns
  2662 | D        | Noticed a stone giant
  2665 | D        | Killed a great orb of eyes
  2667 | D        | Slain by a vampire knight

Vault maps used:
D:        linesprint

Skill      XL: |  1  2  3  4  5  6  7  8  9 10 11 12 |
---------------+-------------------------------------+-----
Stealth        | 3 4 5 6 |  6.3
Air Magic      | 4 5 6 7 9 10 11 12 13 14 15 | 15.4
Dodging        | 3 4 5 6 7 8 |  8.7
Spellcasting   | 5 7 9 10 13 14 16 17 19 | 19.8
Conjurations   | 2 3 4 5 7 9 10 11 12 | 12.6
Staves         | 1 2 3 4 |  4.3
Invocations    | 4 6 8 11 13 | 13.8
Charms         | 1 2 3 |  3.9
Polearms       | 2 5 7 |  7.9
Fighting       | 1 3 4 |  4.7
Translocations | 2 |  2.3
Ice Magic      | 3 4 |  4.3
Evocations     | 3 |  3.7
Shields        | 2 |  2.8
Armour         | 1 |  1.2
Unarmed Combat | |  0.1
Poison Magic   | |  0.1

Action                   |  1- 3 |  4- 6 |  7- 9 | 10-12 || total
-------------------------+-------+-------+-------+-------++-------
Melee: Unarmed           |     3 |     4 |       |       ||     7
       Quarterstaff      |       |     2 |       |       ||     2
       Lance             |       |       |    26 |    79 ||   105
 Cast: Shock             |    11 |    19 |     1 |       ||    31
       Swiftness         |       |     1 |     1 |       ||     2
       Airstrike         |       |     4 |       |     1 ||     5
       Lightning Bolt    |       |       |    13 |    35 ||    48
       Mephitic Cloud    |       |       |     2 |       ||     2
       Blink             |       |       |     1 |       ||     1
       Freezing Cloud    |       |       |       |     7 ||     7
       Deflect Missiles  |       |       |       |     1 ||     1
       Orb of Destructio |       |       |       |    10 ||    10
Invok: Channel Magic     |       |       |     2 |     3 ||     5
  Use: Potion            |     1 |       |       |       ||     1
 Stab: Confused          |       |       |     2 |       ||     2
  Eat: Chunk             |       |       |     2 |     8 ||    10
Armor: Robe              |     1 |       |     3 |     8 ||    12
       Leather armour    |       |       |       |     5 ||     5
Dodge: Dodged            |     4 |     5 |    18 |    43 ||    70
       Deflected         |       |       |       |     2 ||     2

Table legend:
 A = Non-vault XP
 B = Vault XP
 C = Vault XP percentage of total XP
 D = Non-vault monster count
 E = Vault monster count
 F = Vault count percentage of total count
                 A         B        C        D         E       F
            +---------+---------+-------+---------+---------+-------
      Total |       0 |   30131 | 100.0 |       0 |     102 | 100.0
            +---------+---------+-------+---------+---------+-------
          D |       0 |   30131 | 100.0 |       0 |     102 | 100.0
            +---------+---------+-------+---------+---------+-------
